 Dungeon Crawl Stone Soup version 0.29.1-2-gbd0b4ee654 (webtiles) character file.

Game seed: 17389733940097512733

9975 Doomgape the Basher (level 11, -6/72 HPs)
             Began as a Gargoyle Fighter on Oct 23, 2022.
             Was an Initiate of Gozag.
             Mangled by Snorg (15 damage)
             ... on level 10 of the Dungeon.
             The game lasted 00:33:31 (14269 turns).

Doomgape the Basher (Gargoyle Fighter)             Turns: 14269, Time: 00:33:31

Health: -6/72      AC: 26    Str: 24    XL:     11   Next: 54%
Magic:  20/20      EV:  7    Int:  9    God:    Gozag
Gold:   1579       SH:  4    Dex:  9    Spells: 10/10 levels left

rFire   . . .      SeeInvis +   f - +1 morningstar
rCold   . . .      Faith    .   c - +0 buckler
rNeg    + . .      Spirit   .   a - +0 plate armour
rPois   ∞          Reflect  .   (no helmet)
rElec   +          Harm     .   m - +2 cloak
rCorr   +          Rampage  .   (no gloves)
Will    .....                   (no boots)
Stlth   ..........              (no amulet)
HPRegen 0.22/turn               e - ring of Zaizxiu {rCorr MP+9 SInv}
MPRegen 0.17/turn               s - +4 ring of slaying

@: mighty, about to teleport
A: sickness immunity, AC +8, negative energy resistance 1, electricity
resistance, torment resistance 1, petrification resistance
a: Renounce Religion, Potion Petition, Call Merchant, Bribe Branch


You were on level 10 of the Dungeon.
You worshipped Gozag.
Gozag was most pleased with you.
You visited 1 branch of the dungeon, and saw 10 of its levels.
You also visited: Ossuary.

You collected 1959 gold pieces.
You spent 292 gold pieces at shops.
You paid 88 gold pieces to Gozag.

Inventory:

Hand Weapons
 f - a +1 morningstar (weapon)
Missiles
 z - a throwing net (quivered)
Armour
 a - a +0 plate armour (worn)
 c - a +0 buckler (worn)
 m - a +2 cloak (worn)
Jewellery
 e - the ring of Zaizxiu (left hand) {rCorr MP+9 SInv}
   (You acquired it on level 1 of the Dungeon)

   [ring of see invisible]

   MP:        It affects your magic capacity (+9).
   SInv:      It lets you see invisible.
   rCorr:     It protects you from acid and corrosion.
 s - a +4 ring of slaying (right hand)
 t - a +6 ring of strength
Wands
 i - a wand of roots (6)
 u - a wand of flame (17)
 w - a wand of mindburst (3)
Scrolls
 b - a scroll of enchant weapon
 g - 4 scrolls of teleportation
 h - 4 scrolls of identify
 o - 2 scrolls of fear
 v - a scroll of vulnerability
 x - 2 scrolls of butterflies
 y - a scroll of magic mapping
 A - a scroll of poison
 C - a scroll of blinking {unknown}
Potions
 d - 5 potions of mutation
 j - 6 potions of attraction
 k - 2 potions of magic
 l - 7 potions of curing
 n - 4 potions of haste
 p - 2 potions of resistance
 r - 3 potions of flight
 B - a potion of might


   Skills:
 - Level 10.2 Fighting
 - Level 12.7 Maces & Flails
 - Level 10.2 Armour
 - Level 3.2 Shields
 + Level 2.3 Evocations


You had 10 spell levels left.
You didn't know any spells.
Your spell library contained the following spells:

 Spells                   Type           Power      Damage    Failure   Level
 Apportation              Tloc           0%         N/A       99%         1
 Necrotise                Necr           0%         1d4       99%         1
 Summon Small Mammal      Summ           0%         N/A       99%         1
 Vampiric Draining        Necr           0%         2d6       100%        3
 Agony                    Necr           0%         N/A       100%        5


Dungeon Overview and Level Annotations

Branches:
Dungeon (10/15)            Temple (0/1) D:6             Orc (0/2) D:10
Ossuary (visited)
   Lair: D:8-11

Altars:
Gozag
Hepliaklqana
Makhleb
Nemelex Xobeh
Okawaru
Ru
Sif Muna
Yredelemnul
The Shining One

Shops:
D:3 [   D:6 *

Annotations:
D:10 Snorg


Innate Abilities, Weirdness & Mutations

You are immune to sickness and miasma.
Your stone body is resilient. (AC +8)
You are immune to poison.
You resist negative energy. (rN+)
You are resistant to electric shocks. (rElec)
You are resistant to unholy torment.
You are immune to petrification.


Message History

The roots erupt in riotous growth!
The grasping roots constrict Snorg.
Snorg struggles to escape constriction.
The grasping roots constrict Snorg!
The roots release their grip on Snorg.
Aiming: Fastroot
Press: ? - help, Shift-Dir - straight line, f - Snorg
Aim: Snorg (lightly wounded)
The roots erupt in riotous growth!
Roots grab Snorg.
The grasping roots constrict Snorg.
Snorg struggles to escape constriction.
Unknown command.
Aiming: Mindburst
Press: ? - help, Shift-Dir - straight line, f/p - Snorg
Aim: Snorg (lightly wounded, constricted by roots, chance to affect: 40%) Snorg resists with some effort.
The grasping roots constrict Snorg.
The roots release their grip on Snorg.
You feel very mighty all of a sudden.
Snorg goes berserk!
Unknown command.
You thump Snorg!
Snorg is moderately wounded.
Snorg bites you but does no damage. You block Snorg's attack.
Snorg barely misses you. Snorg bites you! Snorg claws you but does no damage.
You block Snorg's attack.
You puncture Snorg!
Snorg is moderately wounded.
Snorg bites you!! Snorg claws you but does no damage. x2
You barely miss Snorg.
Snorg is moderately wounded.
Snorg closely misses you. Snorg claws you but does no damage. Snorg claws you!
You barely miss Snorg.
Snorg is moderately wounded.
You block Snorg's attack. Snorg claws you. You block Snorg's attack.
Snorg bites you!
* * * LOW HITPOINT WARNING * * *
Snorg claws you but does no damage. x2
Okay, then.
As you read the scroll of teleportation, it crumbles to dust.
You feel strangely unstable. Snorg bites you!
You die...
Your body crumbles into a pile of gold.

#...## #))# # ....#
##########.## ....#
##......##...### ...###
##.....).)......# ..##.##
#........)........# ##.#..#
#............##....# ..#...#
#...........## ##...
..#...######.....T....## ##.
..#......##.....@....##
.#....##............##
##....####.........## ......#
##.......## ##..### ##.....##
##### #....## ##.### ## #..#
.#
#############################


You could see Snorg (berserk).

Vanquished Creatures
  Urug (D:10)
  Pikel (D:7)
  Maurice (D:8)
  A gargoyle (D:10)
  Psyche (D:7)
  A hornet (D:7)
  Grinder (D:5)
  12 yaks
  A shadow (D:10)
  A wraith (D:9)
  3 wyverns
  Eustachio (D:6)
  A steam dragon (D:10)
  An acid dragon (D:9)
  4 orc warriors
  A swamp drake (D:10)
  8 ice beasts
  An ogre (D:10)
  2 centaurs
  2 phantoms (D:5)
  2 kobold brigands
  3 bullfrogs
  Blork the orc (D:6)
  A necrophage (D:5)
  2 elf skeletons (D:4)
  A gnoll sergeant (D:9)
  5 scorpions
  A water moccasin zombie (Ossuary)
  4 wights (D:10)
  8 killer bees
  9 howler monkeys
  A human zombie (D:4)
  Crazy Yiuf (D:6)
  11 orc priests
  A gnoll bouda (D:9)
  5 hounds
  2 jellies
  3 iguanas
  15 orc wizards
  2 mummies (Ossuary)
  7 gnolls (D:9)
  5 adders
  3 shadow imps
  A white imp (D:5)
  An ufetubus (D:2)
  3 adder zombies (Ossuary)
  2 worms
  5 dart slugs
  48 orcs
  5 ball pythons
  10 bats
  10 endoplasms
  5 giant cockroaches
  4 gnoll zombies (Ossuary)
  3 goblins
  8 hobgoblins
  3 jackals (D:1)
  A quokka (D:2)
  5 frilled lizards
  3 hobgoblin zombies (Ossuary)
  11 kobolds
  5 kobold zombies (Ossuary)
  3 orc skeletons (D:4)
  6 orc zombies (Ossuary)
  13 rats
293 creatures vanquished.

Vanquished Creatures (others)
  An orc (D:10)
1 creature vanquished.

Grand Total: 294 creatures vanquished

Notes
Turn   | Place    | Note
-------+----------+-------------------------------------------
     0 | D:1      | Doomgape the Gargoyle Fighter began the quest for the Orb.
     0 | D:1      | Reached XP level 1. HP: 14/14 MP: 1/1
   241 | D:1      | Reached XP level 2. HP: 18/19 MP: 2/2
   416 | D:1      | Reached skill level 3 in Maces & Flails
   701 | D:1      | Reached XP level 3. HP: 18/23 MP: 3/3
  1111 | D:1      | Identified a scroll of acquirement
  1111 | D:1      | Acquired the ring of Zaizxiu {rCorr MP+9 SInv}
  1348 | D:2      | Reached skill level 4 in Maces & Flails
  1437 | D:2      | Reached XP level 4. HP: 28/28 MP: 4/4
  2090 | D:3      | Found Kaqiwido's Antique Armour Shop.
  2137 | D:3      | Reached skill level 5 in Maces & Flails
  2356 | D:3      | Reached XP level 5. HP: 32/32 MP: 5/5
  3437 | D:3      | Found a faded altar of an unknown god.
  3660 | D:4      | Reached skill level 6 in Maces & Flails
  3660 | D:4      | Reached XP level 6. HP: 27/37 MP: 6/6
  3775 | D:4      | Found a sand-covered staircase.
  3814 | Ossuary  | Entered an ossuary
  3981 | Ossuary  | Reached skill level 7 in Maces & Flails
  4645 | D:4      | Reached XP level 7. HP: 39/41 MP: 7/7
  4710 | D:4      | Identified the +1 mace "Usosok" {vorpal, rElec MP+9 Str+3}
  5578 | D:5      | Entered Level 5 of the Dungeon
  5698 | D:5      | Reached skill level 8 in Maces & Flails
  6001 | D:5      | Noticed Grinder
  6013 | D:5      | Killed Grinder
  6014 | D:5      | Reached skill level 9 in Maces & Flails
  6014 | D:5      | Reached XP level 8. HP: 42/46 MP: 8/8
  6430 | D:5      | Found a glowing golden altar of the Shining One.
  6442 | D:5      | Found an opulent altar of Gozag.
  6449 | D:5      | Found a shimmering blue altar of Sif Muna.
  6457 | D:5      | Found a hazy altar of Hepliaklqana.
  6461 | D:5      | Found a basalt altar of Yredelemnul.
  6467 | D:5      | Found a sacrificial altar of Ru.
  6471 | D:5      | Found a burning altar of Makhleb.
  6488 | D:5      | Became a worshipper of Gozag Ym Sagoz the Greedy
  6902 | D:5      | Reached skill level 10 in Maces & Flails
  7303 | D:5      | Reached skill level 11 in Maces & Flails
  7560 | D:5      | Reached XP level 9. HP: 51/51 MP: 9/9
  8381 | D:6      | Noticed Eustachio
  8395 | D:6      | Killed Eustachio
  8396 | D:6      | Reached skill level 12 in Maces & Flails
  8414 | D:6      | Noticed Blork the orc
  8430 | D:6      | Killed Blork the orc
  8502 | D:6      | Found a sparkling altar of Nemelex Xobeh.
  8503 | D:6      | Found an iron altar of Okawaru.
  8666 | D:6      | Found a staircase to the Ecumenical Temple.
  8831 | D:6      | Found Aqori's General Store.
  8831 | D:6      | Found Hyos's Specific Store.
  8844 | D:6      | Bought a potion of curing for 42 gold pieces
  8850 | D:6      | Bought a scroll of identify for 20 gold pieces
  8850 | D:6      | Bought a +0 plate armour for 230 gold pieces
  9088 | D:6      | Found a runed translucent door.
  9089 | D:6      | Noticed Crazy Yiuf
  9097 | D:6      | Killed Crazy Yiuf
 10012 | D:7      | Reached skill level 5 in Fighting
 10012 | D:7      | Reached skill level 5 in Armour
 10173 | D:7      | Reached XP level 10. HP: 56/59 MP: 10/10
 10381 | D:8      | Noticed Pikel
 10396 | D:8      | Noticed Psyche
 10404 | D:7      | Killed Pikel
 10417 | D:8      | Noticed Maurice
 10431 | D:7      | Killed Psyche
 10924 | D:8      | Killed Maurice
 11074 | D:8      | Identified the +3 leather armour "Pazar" {Str+4 SInv}
 11332 | D:9      | Reached XP level 11. HP: 29/69 MP: 11/11
 12237 | D:10     | Entered Level 10 of the Dungeon
 12244 | D:10     | Noticed Snorg
 12588 | D:10     | Noticed Urug
 12601 | D:10     | HP: 1/71 [Urug/+1 long sword of holy wrath (13)]
 12607 | D:10     | Killed Urug
 13088 | D:10     | Reached skill level 10 in Fighting
 13088 | D:10     | Reached skill level 10 in Armour
 13843 | D:10     | Reached skill level 1 in Evocations
 13845 | D:10     | HP: 2/72 [orc priest/divine providence (17)]
 13853 | D:10     | Found a staircase to the Orcish Mines.
 14269 | D:10     | Mangled by Snorg

Illustrated notes

Levels and vault maps discovered:
D:1:      dpeg_arrival_pond, layout_loops_cross
D:2:      layout_loops_ring, minmay_misc_feat_roman
D:3:      layout_basic, serial_shops, shop_fountains,
          dreamdust_ecumenical_altar_hidden_monk_grotto
D:4:      layout_loops_ring, nicolae_ossuary_entry_catacombs,
          grunt_decor_one_mirror
D:5:      layout_loops_corners, grunt_temple_overflow_octagram,
          portal_sewer_entry_c, minmay_between, uniq_grinder
D:6:      layout_rooms, gammafunk_temple_overflow_statue, temple_pool_b,
          nicolae_specific_store, hangedman_decor_growths,
          uniq_crazy_yiuf_cottage, uniq_blork_the_orc, uniq_eustachio
D:7:      layout_rooms
D:8:      layout_rooms, minivault_21, uniq_pikel, uniq_maurice, uniq_psyche
D:9:      layout_small_grid
D:10:     nicolae_BIG_FREAKIN_CUBE, layout_cave_pods, erik_orc_1, uniq_urug,
          uniq_snorg

Skill      XL: |  1  2  3  4  5  6  7  8  9 10 11 |
---------------+----------------------------------+-----
Maces & Flails | 3 4 5 6 7 9 11 12 | 12.7
Fighting       | 5 8 10 | 10.2
Armour         | 5 8 10 | 10.2
Evocations     | 2 |  2.3
Shields        | |  3.2

Action                   |  1- 3 |  4- 6 |  7- 9 | 10-12 || total
-------------------------+-------+-------+-------+-------++-------
Melee: Flail             |   123 |   272 |   292 |       ||   687
       Mace              |       |       |    14 |       ||    14
       Morningstar       |       |       |   110 |   323 ||   433
Evoke: Wand              |       |       |     3 |    18 ||    21
  Use: Scroll            |     3 |     2 |    13 |     9 ||    27
       Potion            |       |     1 |     4 |     8 ||    13
 Stab: Distracted        |       |       |     1 |     1 ||     2
Armor: Scale mail        |    99 |   116 |    32 |       ||   247
       Chain mail        |       |       |   133 |       ||   133
       Plate armour      |       |       |    51 |   196 ||   247
Dodge: Dodged            |    73 |    84 |    89 |    91 ||   337
Block: Buckler           |    38 |    47 |    40 |    60 ||   185
